 Dungeon Crawl Stone Soup version 0.24.0-13-gcf9b319 (webtiles) character file.

Game seed: 15917103784510989502, levelgen mode: deterministic

88 silenth the Slasher (level 4, -6/33 HPs)
             Began as an Octopode Fighter on Apr 8, 2020.
             Mangled by a gnoll
             ... wielding a +0 flail
              (9 damage)
             ... on level 1 of the Dungeon.
             The game lasted 00:01:29 (1292 turns).

silenth the Slasher (Octopode Fighter)              Turns: 1292, Time: 00:01:29

Health: -6/33      AC:  1    Str: 15    XL:     4   Next: 53%
Magic:  13/13      EV: 11    Int: 10    God:
Gold:   36         SH:  8    Dex: 12    Spells: 3/3 levels left

rFire    . . .     SeeInvis .   a - +0 long sword
rCold    . . .     Gourm    .   b - +0 shield
rNeg     . . .     Faith    .   (helmet restricted)
rPois    .         Spirit   .   (no amulet)
rElec    .         Reflect  .   h - ring of magical power
rCorr    .         Harm     .   (no ring)
MR       .....                  (no ring)
Stlth    ++........             (no ring)
HPRegen  0.11/turn              (no ring)
MPRegen  0.13/turn              (no ring)
                                (no ring)
                                (no ring)

@: no status effects
A: almost no armour, stealthy swim, amphibious, 8 rings, constrict 8, camouflage
1, gelatinous body 1
a: no special abilities


You were on level 1 of the Dungeon.
You were not hungry.

You visited 1 branch of the dungeon, and saw 2 of its levels.

You collected 36 gold pieces.

Inventory:

Hand Weapons
 a - a +0 long sword (weapon)
Missiles
 g - a throwing net
 l - 8 curare-tipped darts (quivered)
Armour
 b - a +0 shield (worn)
Jewellery
 h - a ring of magical power (left tentacle)
Scrolls
 d - a scroll of immolation {unknown}
 f - a scroll of random uselessness {unknown}
 j - a scroll of teleportation {unknown}
 r - a scroll of remove curse
Potions
 c - a potion of might
 k - a potion of flight
Comestibles
 e - 2 rations


   Skills:
 + Level 3.8 Fighting
 * Level 3.9 Long Blades
 - Level 3.0 Dodging
 - Level 3.0 Shields


You had 3 spell levels left.
You didn't know any spells.
Your spell library was empty.

Dungeon Overview and Level Annotations

Branches:
Dungeon (2/15)

Altars:


Innate Abilities, Weirdness & Mutations

You cannot wear most types of armour.
You are very stealthy in the water. (Stealth+)
You are amphibious.
You can wear up to eight rings at the same time.
You can use your tentacles to constrict eight enemies at once.
Your skin changes colour to match your surroundings (Stealth+).
Your rubbery body absorbs attacks. (AC +1, EV +1)


Message History

You are too injured to fight recklessly!
You are too injured to fight recklessly!
The gnoll closely misses you.
There is a stone staircase leading up here.
You block the adder's attack.
You climb upwards.
There is a stone staircase leading down here.
You barely miss the adder. Your grab misses the adder.
The adder barely misses you. The gnoll barely misses you. The adder bites you.
You completely miss the gnoll. You grab the gnoll. You squeeze the gnoll.
The gnoll is moderately wounded.
You constrict the gnoll, but do no damage.
The adder closely misses you. The gnoll closely misses you.
You block the adder's attack.
You slash the adder! Your grab misses the adder.
The adder is severely wounded.
You constrict the gnoll. The gnoll hits you with a +0 flail!
* * * LOW HITPOINT WARNING * * *
The adder closely misses you. The gnoll hits you with a +0 flail!
You die...

#......#
#...##.....#
#......#
#..........#
#......#
#.........###
##......##
#.#.#.......#
#........#
#...#.##.####
#........#
#...#.##.#
#........#
#.....##.#
#........#
##Sg####.#
#........#
##@.....#
#........#
########
#........##
#.........#
##........#
#........#
##########


You could see a gnoll and an adder.

Vanquished Creatures
  2 gnolls (D:2)
  2 adders (D:2)
  An ooze (D:1)
  2 worms (D:2)
  A dart slug (D:1)
  A leopard gecko (D:2)
  10 hobgoblins
  5 jackals (D:1)
  A kobold (D:1)
  4 bats (D:1)
  A frilled lizard (D:1)
  3 goblins (D:1)
  3 rats
36 creatures vanquished.

Notes
Turn   | Place    | Note
-------+----------+-------------------------------------------
     0 | D:1      | silenth the Octopode Fighter began the quest for the Orb.
     0 | D:1      | Reached XP level 1. HP: 16/16 MP: 1/1
    39 | D:1      | Reached XP level 2. HP: 9/21 MP: 2/2
   306 | D:1      | Reached skill level 3 in Long Blades
   316 | D:1      | Reached XP level 3. HP: 18/26 MP: 3/3
  1086 | D:2      | Reached XP level 4. HP: 21/33 MP: 4/4
  1292 | D:1      | HP: 3/33 [gnoll/+0 flail (12)]
  1292 | D:1      | Mangled by a gnoll

Levels and vault maps discovered:
D:1:      ebering_hopf_link, layout_basic
D:2:      layout_rooms, chequers_temple_overflow_statue_of_worship

Skill      XL: |  1  2 |
---------------+-------+-----
Long Blades    | 3 |  3.9
Fighting       | |  3.8
Dodging        | |  3.0
Shields        | |  3.0

Action                   |  1- 3 |  4- 6 || total
-------------------------+-------+-------++-------
Melee: Long sword        |    56 |    13 ||    69
       Tentacles         |    14 |     3 ||    17
       Constrict         |    23 |     5 ||    28
  Use: Scroll            |     3 |       ||     3
       Potion            |     1 |       ||     1
 Stab: Sleeping          |     5 |       ||     5
  Eat: Chunk             |       |     1 ||     1
Armor: Skin              |     5 |       ||     5
Dodge: Dodged            |    28 |    12 ||    40
Block: Shield            |    17 |     4 ||    21
       Rpst.: Long sword |    11 |     4 ||    15
